 Dungeon Crawl Stone Soup version 0.31-a0-1549-g5ff9445e89 (webtiles) character file.

Game seed: 4946312633994173305

105 djent the Gusty (level 4, -1/30 HPs)
             Began as a Human Air Elementalist on Jan 2, 2024.
             Slain by Crazy Yiuf
             ... wielding a +3 quarterstaff of chaos
              (3 damage)
             ... on level 3 of the Dungeon.
             The game lasted 00:10:29 (2895 turns).

djent the Gusty (Human Air Elementalist)            Turns: 2895, Time: 00:10:30

Health: -1/30      AC:  2    Str:  8    XL:     4   Next: 83%
Magic:  4/8        EV: 12    Int: 23    God:
Gold:   87         SH:  0    Dex: 14    Spells: 2/8 levels left

rFire   . . .        f - +0 dagger
rCold   . . .        (no shield)
rNeg    . . .        a - +0 robe
rPois   .            (no helmet)
rElec   .            (no cloak)
rCorr   .            (no gloves)
SInv    .            (no boots)
Will    .....        (no amulet)
Stlth   ++           n - +6 ring of intelligence
HPRegen 0.25/turn    (no ring)
MPRegen 0.11/turn

%: no passive effects
@: no status effects
A: explore regen
a: no special abilities


You were on level 3 of the Dungeon.
You visited 1 branch of the dungeon, and saw 3 of its levels.

You collected 87 gold pieces.

Inventory:

Hand Weapons
 f - a +0 dagger (weapon)
Missiles
 i - 22 stones (quivered)
Armour
 a - a +0 robe (worn)
Magical Staves
 o - a staff of earth
 p - a staff of death
Jewellery
 n - a +6 ring of intelligence (left hand)
Scrolls
 c - 2 scrolls of identify {unknown}
 d - a scroll of amnesia {unknown}
 h - 3 scrolls of teleportation
 l - a scroll of poison {unknown}
 m - 2 scrolls of fog {unknown}
 r - a scroll of fear {unknown}
Potions
 b - a potion of magic
 e - a potion of curing {unknown}
 g - a potion of haste {unknown}
 j - a potion of brilliance {unknown}
 k - a potion of might {unknown}
 q - a potion of degeneration {unknown}


   Skills:
 - Level 2.0 Dodging
 - Level 2.0 Stealth
 + Level 2.9 Spellcasting
 + Level 1.8 Conjurations
 * Level 4.4 Air Magic


You had 2 spell levels left.
You knew the following spells:

 Your Spells              Type           Power      Damage    Failure   Level
a - Shock                 Conj/Air       68%        1d7       3%          1
b - Static Discharge      Conj/Air       34%        3-5/arc   4%          2
c - Swiftness             Air            23%        N/A       5%          3

Your spell library contained the following spells:

 Spells                   Type           Power      Damage    Failure   Level
 Airstrike                Air            11%        2d(2-18)  19%         4
 Gell's Gravitas          Tloc           3%         N/A       34%         3
 Teleport Other           Tloc           3%         N/A       34%         3
 Summon Lightning Spire   Summ/Air       13%        N/A       43%         4
 Dispersal                Tloc           1%         N/A       100%        6


Dungeon Overview and Level Annotations

Branches:
Dungeon (3/15)

Altars:
Zin

Annotations:
D:1 exclusions: 3 jackals and 1 more exclusion
D:3 1 runed translucent door, Crazy Yiuf


Innate Abilities, Weirdness & Mutations

You regain HP and MP as you explore.


Message History

You start resting.
HP restored.
Magic restored.
You see here a hound corpse.
You see here a dart slug corpse.
i - 13 stones (gained 3)
i - 22 stones (gained 9)
You pick up a There-And-Back Book and begin reading...
You add the spells Gell's Gravitas, Teleport Other and Dispersal to your library.
As you read the scroll labelled HACHICS ACAS, it crumbles to dust.
You feel strangely unstable.
It was a scroll of teleportation.
Your surroundings suddenly seem different.
Crazy Yiuf the Enlightened comes into view.
He is wielding a +3 quarterstaff of chaos.
Found a hammer.
Found a runed translucent door.
Enter note: wow crazy teleport
Enter note:
Enter note: thanks devs Crazy Yiuf shouts!
Crazy Yiuf hits you with a +3 quarterstaff of chaos!
Crazy Yiuf freezes you.
Enter note: wow crazy teleport, thanks devs. yiuf hits me for 12/30
Casting: Static Discharge (safe; 4% risk of failure)
Confirm with . or Enter, or press ? or * to list all spells.
Crazy Yiuf is struck by an arc of lightning.
Crazy Yiuf is moderately wounded.
You are struck by an arc of lightning.
Crazy Yiuf is struck by an arc of lightning.
Crazy Yiuf is heavily wounded.
You are struck by an arc of lightning.
The lightning grounds out.
Crazy Yiuf closely misses you.
Unknown command.
Casting: Static Discharge (safe; 4% risk of failure)
Confirm with . or Enter, or press ? or * to list all spells.
Crazy Yiuf is struck by an arc of lightning.
Crazy Yiuf is severely wounded.
You are struck by an arc of lightning.
The lightning grounds out.
Crazy Yiuf hits you with a +3 quarterstaff of chaos!
* * * LOW HITPOINT WARNING * * *
Crazy Yiuf burns you.
You die...

#####
#.@)#
♣.+..g#
♣..♣#...#
♣.♣ #####
♣


You could see Crazy Yiuf.

Vanquished Creatures
  A hound (D:3)
  3 adders
  A ribbon worm (D:2)
  3 dart slugs
  3 ball pythons
  2 bats (D:1)
  4 endoplasms
  2 giant cockroaches (D:2)
  3 goblins
  2 hobgoblins
  2 jackals (D:2)
  4 kobolds
  A quokka (D:3)
  2 frilled lizards
  7 rats
40 creatures vanquished.

Notes
Turn   | Place    | Note
-------+----------+-------------------------------------------
     0 | D:1      | djent the Human Air Elementalist began the quest for the
                  | Orb.
     0 | D:1      | Reached XP level 1. HP: 13/13 MP: 3/3
   166 | D:1      | how many d:1 jackel packs
   254 | D:1      | 3 d:1 jackel packs
   452 | D:1      | Reached XP level 2. HP: 19/19 MP: 1/5
   670 | D:1      | Learned a level 2 spell: Static Discharge
  1155 | D:2      | Found a faded altar of an unknown god.
  1183 | D:2      | Reached XP level 3. HP: 16/24 MP: 3/6
  2100 | D:2      | Reached skill level 4 in Air Magic
  2108 | D:2      | HP: 1/24 [poisoned by an adder]
  2224 | D:2      | Learned a level 3 spell: Swiftness
  2588 | D:3      | Reached XP level 4. HP: 30/30 MP: 2/8
  2645 | D:3      | Found a glowing silver altar of Zin.
  2646 | D:3      | Noticed an angel
  2892 | D:3      | Found a runed translucent door.
  2892 | D:3      | Noticed Crazy Yiuf
  2893 | D:3      | wow crazy teleport
  2893 | D:3      | thanks devs
  2894 | D:3      | wow crazy teleport, thanks devs. yiuf hits me for 12/30
  2895 | D:3      | Slain by Crazy Yiuf

Illustrated notes

. #........ #.
#........ .###
#######........
..#
#......#.......
#.#
#.####.#.######
#.# #.# #...#
#.# #.# #.###
#.####.####)# .
#..@...##...#
#.##
########.##.#
#...###
###...###.#
#...###...###
#.# ##.......##
#.# ###.<.###
#.# #.......#
#.# #...###...#
#.# #...##
##...#


Turn 166 on D:1: how many d:1 jackel packs #. #...###...### #.# #. ##.......##
#.# #. ###.<.### #.# #. ##.......## #.# #. ###...###...### #.# #.##.).###
###...###.# #.#.##### ####.##.# #.#..##...# ##...# #.....#@#.# ##### ###.#.#.#.#
...#...#.# #########.# h.# ### Turn 254 on D:1: 3 d:1 jackel packs ##### #@.)#
♣.+..g# ♣..♣#...# ♣.♣ ##### ♣ Turn 2893 on D:3: wow crazy teleport ##### #.@)#
♣.+..g# ♣..♣#...# ♣.♣ ##### ♣ Turn 2894 on D:3: wow crazy teleport, thanks devs.
yiuf hits me for 12/30

Levels and vault maps discovered:
D:1:      dpeg_arrival_simpleton_a, layout_basic
D:2:      layout_basic, shapermc_ecumenical_altar_mp_urbaneastern
D:3:      layout_rooms, zin_angel, uniq_crazy_yiuf_cottage, uniq_sigmund

Skill      XL: |  1  2  3 |
---------------+----------+-----
Air Magic      | 4 |  4.4
Dodging        | |  2.0
Stealth        | |  2.0
Spellcasting   | |  2.9
Conjurations   | |  1.8

Action                     |  1- 3 |  4- 6 || total
---------------------------+-------+-------++-------
  Melee: Dagger            |     3 |       ||     3
  Throw: Stone             |    10 |       ||    10
   Cast: Shock             |    58 |    13 ||    71
         Static Discharge  |     5 |     5 ||    10
    Use: Scroll            |       |     1 ||     1
 Armour: Robe              |    15 |    10 ||    25
  Dodge: Dodged            |     7 |     4 ||    11

Table legend: (Time is in decaauts)
 A = Elapsed time spent in this place.
 B = Non-inter-level travel time spent in this place.
 C = Inter-level travel time spent in this place.
 D = Time resting spent in this place.
 E = Time spent auto-exploring this place.
 F = Levels seen in this place.
 G = Mean time per level.
                   A        B        C        D        E       F      G
               +--------+--------+--------+--------+--------+-----+--------+
         Total |   2894 |   2776 |    118 |    570 |   1682 |   3 |  964.7 |
       Dungeon |   2894 |   2776 |    118 |    570 |   1682 |   3 |  964.7 |
               +--------+--------+--------+--------+--------+-----+--------+

Top non-repeatable levels by time:
     D:2: 1668 daAuts
     D:1: 908 daAuts
     D:3: 317 daAuts
